 Dungeon Crawl Stone Soup version 0.28.0-49-g6dfe1f597d (webtiles) character file.

Game seed: 5836596416310745615

7 Spectrina the Ducker (level 1, 0/13 HPs)
             Began as a Deep Elf Monk on May 15, 2022.
             Slain by a ball python (2 damage)
             ... on level 1 of the Dungeon.
             The game lasted 00:02:55 (171 turns).

Spectrina the Ducker (Deep Elf Monk)                 Turns: 171, Time: 00:02:55

Health: 0/13       AC:  2    Str:  8    XL:     1   Next: 91%
Magic:  3/3        EV: 10    Int: 14    God:
Gold:   12         SH:  0    Dex: 17    Spells: 0/0 levels left

rFire   . . .      SeeInvis .   a - +0 spear
rCold   . . .      Faith    .   (no shield)
rNeg    . . .      Spirit   .   b - +0 robe
rPois   .          Reflect  .   (no helmet)
rElec   .          Harm     .   (no cloak)
rCorr   .          Rampage  .   (no gloves)
Will    .....                   (no boots)
Stlth   ++........              (no amulet)
HPRegen 0.04/turn               (no ring)
MPRegen 0.08/turn               (no ring)

@: constricted
A: no striking features
a: no special abilities


You were on level 1 of the Dungeon.
You visited 1 branch of the dungeon, and saw 3 of its levels.

You collected 12 gold pieces.

Inventory:

Hand Weapons
 a - a +0 spear (weapon)
Armour
 b - a +0 robe (worn)
Scrolls
 d - 2 scrolls of identify {unknown}
 e - a scroll of teleportation {unknown}
Potions
 c - 2 potions of curing {unknown}


   Skills:
 - Level 2.4 Fighting
 + Level 2.6 Polearms
 - Level 3.6 Dodging
 - Level 2.4 Stealth


You couldn't memorise any spells.
You didn't know any spells.
Your spell library contained the following spells:

 Spells                   Type           Power      Damage    Failure   Level
 Sublimation of Blood     Necr           0%         N/A       41%         2
 Wereblood                Tmut           0%         N/A       41%         2
 Summon Hydra             Summ           0%         N/A       100%        7


Dungeon Overview and Level Annotations

Branches:
Dungeon (3/15)

Altars:


Message History

You reach to attack!
You hit the hobgoblin.
The hobgoblin is severely wounded.
You hit the hobgoblin.
You kill the hobgoblin!
Found an escape hatch in the ceiling.
Found a cloak.
There is an escape hatch in the ceiling here.
Unknown command.
There is an escape hatch in the ceiling here.
A mysterious force pulls you upwards. The hatch slams shut behind you.
You open the door.
There is an open door here.
A ball python comes into view.
The ball python hisses angrily.
A kobold comes into view. It is wielding a +0 club.
You hit the ball python but do no damage.
The ball python bites you. The ball python barely misses you.
You closely miss the ball python. The ball python bites you.
The ball python closely misses you.
You barely miss the ball python. The ball python bites you.
The ball python grabs you. The ball python constricts you.
You closely miss the ball python.
The ball python bites you but does no damage.
The ball python constricts you.
You escape the ball python's grasp.
The ball python bites you. The ball python barely misses you.
You hit the ball python.
The ball python is severely wounded.
The ball python completely misses you. The ball python grabs you.
The ball python constricts you.
You barely miss the ball python.
The ball python is severely wounded.
The ball python bites you.
* * * LOW HITPOINT WARNING * * *
The ball python constricts you.
* * * LOW HITPOINT WARNING * * *
You hit the ball python but do no damage.
The ball python is severely wounded.
The ball python bites you.
You die...

#.#.#.#..
#.#.#...
#.#.....
#.#..##
###.....##.#
#.........K
##'#.#..###.#
#............
#...@S..#####
#.......#
##.###..# #.#
..# #.# ..#
######.###..#
#...........#
#.##.#.####.#
#.##.#.#


You could see a ball python.

Vanquished Creatures
  2 endoplasms (D:2)
  A giant cockroach (D:2)
  A hobgoblin (D:2)
  A frilled lizard (D:2)
  2 rats (D:2)
7 creatures vanquished.

Notes
Turn   | Place    | Note
-------+----------+-------------------------------------------
     0 | D:1      | Spectrina the Deep Elf Monk began the quest for the Orb.
     0 | D:1      | Reached XP level 1. HP: 13/13 MP: 3/3
   171 | D:1      | Slain by a ball python

Illustrated notes

Levels and vault maps discovered:
D:1:      noname_arrival_rooms_in_the_neighbourhood, layout_basic,
          basic_ecumenical_altar, serial_shops, shop, item_on_display_a
D:2:      layout_loops_ring, kennysheep_crisscross, st_stairs_12
D:3:      layout_basic, mainiacjoe_overflow_concentric_impassable

Action                   || total
-------------------------++-------
Melee: Spear             ||    26
 Stab: Sleeping          ||     2
Armor: Robe              ||     2
Dodge: Dodged            ||     9
